Map: [ESL] Altitude

Players

Ordin - Winner!

  • Race: Zerg Zerg
  • League: Master
  • Spawn Location: 1:00

Dark

  • Race: Zerg Zerg
  • Spawn Location: 7:00

VOD

Have the link to the VOD?

Description

Ordin gets a Win vs. Dark

Time

  • Played on: Sept. 18, 2023, 7:28 p.m.
  • Length: 6:21
Show
View Real Time Build Order
Export as new Build Order

Ordin Zerg - Winner!

Build Orders: Hatch First, Roach Nydus 

Get SALT Encoding   

  12  0:00  Drone  
  13  0:12  Overlord  
  13  0:17  Drone  
  14  0:33  Drone x2  
  16  0:52  Hatchery  
  16  0:55  Drone  
  16  0:57  Drone  
  17  1:11  Spawning Pool  
  17  1:13  Extractor  
  17  1:16  Drone  
  16  1:19  Drone  
  16  1:23  Drone  
  18  1:28  Drone  
  19  1:40  Overlord  
  19  1:50  Drone  
  20  1:58  Queen  
  22  2:01  Drone  
  22  2:04  Queen  
  22  2:06  Drone  
  26  2:12  Drone  
  27  2:20  Drone  
  28  2:24  Drone  
  28  2:27  Drone  
  30  2:32  Zergling x2  
  31  2:40  Queen  
  33  2:49  Drone x3  
  36  2:59  Overlord  
  36  3:08  Extractor  
  36  3:09  Lair  
  36  3:10  Extractor  
  34  3:19  Roach Warren, Drone x3  
  36  3:20  Evolution Chamber  
  36  3:21  Drone x3  
  38  3:39  Overlord  
  38  3:40  Overlord  
  38  3:52  Overlord, Evolution Chamber  
  35  4:00  Roach x3  
  35  4:01  Roach x3  
  47  4:09  Nydus Network  
  46  4:16  Roach  
  46  4:17  Roach  
  50  4:19  Glial Reconstitution  
  52  4:38  Roach x2  
  52  4:39  Roach x2  
  52  4:40  Roach  
  60  4:51  Nydus Canal  
  60  4:53  Overlord  
  60  4:57  Roach  
  60  4:58  Roach  
  64  5:17  Roach x4  
  72  5:25  Roach x2  
  74  5:32  Roach x2  
  72  5:39  Roach x2  
  62  5:51  Roach x2  
  62  5:52  Roach  
  66  5:59  Roach  
Show
View Real Time Build Order
Export as new Build Order

Dark Zerg 

Build Orders: Hatch First 

Get SALT Encoding   

  12  0:00  Drone  
  13  0:12  Overlord  
  13  0:17  Drone  
  14  0:31  Drone x2  
  16  0:49  Hatchery  
  15  0:52  Drone  
  15  0:56  Drone  
  17  1:01  Drone  
  18  1:10  Extractor  
  17  1:16  Spawning Pool  
  16  1:19  Drone  
  16  1:21  Drone  
  18  1:29  Drone  
  19  1:39  Drone  
  20  1:50  Overlord  
  20  2:03  Queen x2  
  20  2:04  Zergling x2  
  20  2:07  Drone  
  26  2:10  Metabolic Boost  
  26  2:12  Drone  
  26  2:14  Drone  
  28  2:22  Drone  
  29  2:25  Drone  
  30  2:33  Drone  
  30  2:34  Drone  
  32  2:48  Hatchery  
  31  2:53  Overlord  
  31  2:54  Baneling Nest  
  31  2:56  Drone  
  31  2:57  Drone  
  32  3:00  Drone  
  32  3:07  Queen  
  32  3:09  Drone  
  35  3:14  Zergling x2  
  35  3:15  Zergling x2  
  35  3:17  Zergling x2  
  35  3:18  Zergling x2  
  39  3:23  Overlord  
  39  3:25  Drone  
  41  3:27  Drone  
  41  3:28  Drone  
  41  3:32  Drone x2  
  44  3:40  Evolution Chamber  
  43  3:42  Zergling x2  
  43  3:43  Zergling x2  
  45  3:54  Drone x6  
  51  3:57  Drone  
  52  4:08  Overlord  
  52  4:09  Drone  
  53  4:16  Drone x2  
  53  4:17  Drone  
  58  4:24  Roach Warren  
  57  4:28  Drone x3  
  62  4:32  Lair  
  62  4:36  Extractor x2  
  57  4:38  Drone x6  
  57  4:43  Overlord  
  62  4:46  Zergling x6  
  65  5:01  Spine Crawler  
  65  5:03  Roach x5  
  74  5:12  Overlord  
  74  5:13  Overlord x3  
  72  5:16  Roach x2  
  72  5:18  Roach  
  71  5:21  Roach  
  71  5:26  Roach  
  71  5:27  Roach  
  71  5:30  Roach  
  71  5:32  Roach x4  
  46  5:43  Zergling x6  
  46  5:48  Zergling x2  
  42  5:56  Roach  
Tags
 
League
Master
Matchup
ZvZ
Player
Dark
Race
Zerg
Spawn Locations
Cross Positions
Strategy
Roach Nydus
Add a new tag
Caveats
  • Supply blocks, unpowered buildings, or Contaminate may cause inaccurate times.
  • Supply counts are checked every 10 seconds.